 Dungeon Crawl Stone Soup version 0.30-a0-715-gdb4ae3ece1 (webtiles) character file.

Game seed: 5499044786548586334

5570 Dirtsage the Transmogrifier (level 10, -1/79 HPs)
             Began as an Octopode Transmuter on Jan 24, 2023.
             Was an Initiate of Gozag.
             Slain by a vampire (9 damage)
             ... on level 8 of the Dungeon.
             The game lasted 00:28:23 (8170 turns).

Dirtsage the Transmogrifier (Octopode Transmuter)   Turns: 8170, Time: 00:28:24

Health: -1/79      AC: 13    Str: 15    XL:     10   Next: 72%
Magic:  7/13       EV: 11    Int: 20    God:    Gozag
Gold:   32         SH:  0    Dex: 12    Spells: 2/13 levels left

rFire   . . .      SeeInvis +      - Unarmed
rCold   + + +      Faith    .    (shield currently unavailable)
rNeg    . . .      Spirit   .    (helmet currently unavailable)
rPois   +          Reflect  .    l - amulet of regeneration
rElec   .          Harm     .    C - ring of resist corrosion
rCorr   +          Rampage  .    p - ring of Nasman {rF+ AC+4 Str+5}
Will    .....                    I - ring of protection from cold
Stlth   +                        S - ring of see invisible
HPRegen 1.13/turn                (no ring)
MPRegen 0.13/turn                (no ring)
                                 (no ring)
                                 (no ring)

@: ice-form, attractive, flying, invisible
A: freezing attack, boosted hp, almost no armour, amphibious, 8 rings, large,
(camouflage 1), (gelatinous body 1), (nimble swimmer 1), (tentacles)
a: End Transformation, Renounce Religion, Potion Petition, Call Merchant, Bribe
Branch


You were on level 8 of the Dungeon.
You worshipped Gozag.
Gozag was noncommittal.
You were a creature of crystalline ice.
You visited 2 branches of the dungeon, and saw 10 of its levels.

You collected 950 gold pieces.
You spent 830 gold pieces at shops.
You paid 88 gold pieces to Gozag.

Inventory:

Missiles
 f - a throwing net
 v - a curare-tipped dart
Magical Staves
 a - a staff of fire
 j - a staff of earth
 n - a staff of air
Jewellery
 l - an amulet of regeneration (around neck)
 p - the ring of Nasman (right front paw) {rF+ AC+4 Str+5}
   (You bought it in a shop on level 4 of the Dungeon)

   [ring of protection]

   AC:        It affects your AC (+4).
   Str:       It affects your strength (+5).
   rF:        It protects you from fire.
 w - an amulet of guardian spirit
 C - a ring of resist corrosion (left front paw)
 I - a ring of protection from cold (on tentacle)
 S - a ring of see invisible (on tentacle)
Wands
 b - a wand of polymorph (3)
Scrolls
 d - a scroll of summoning
 e - a scroll of amnesia
 i - 2 scrolls of blinking {unknown}
 k - a scroll of magic mapping
 s - a scroll of vulnerability
 u - a scroll of silence
Potions
 h - a potion of haste
 m - a potion of mutation
 r - a potion of flight


   Skills:
 + Level 5.1 Fighting
 + Level 5.5 Dodging
 + Level 5.9 Unarmed Combat
 - Level 2.0 Spellcasting
 * Level 6.4 Summonings
 - Level 8.0 Transmutations
 - Level 8.0 Ice Magic


You had 2 spell levels left.
You knew the following spells:

 Your Spells              Type           Power      Damage    Failure   Level
a - Beastly Appendage     Tmut           68%        N/A       1%          1
b - Wereblood             Tmut           34%        N/A       1%          2
c - Ice Form              Ice/Tmut       34%        N/A       6%          4
d - Summon Ice Beast      Ice/Summ       30%        N/A       9%          4

Your spell library contained the following spells:

 Spells                   Type           Power      Damage    Failure   Level
 Sting                    Tmut/Pois      72%        1d6       3%          1
 Ensorcelled Hibernation  Hex/Ice        36%        N/A       4%          2
 Passwall                 Tmut/Erth      15%        N/A       4%          2
 Necrotise                Necr           8%         1d4       16%         1
 Lesser Beckoning         Tloc           4%         N/A       24%         2
 Poisonous Vapours        Pois/Air       4%         N/A       24%         2
 Scorch                   Fire           4%         2d5       24%         2
 Sublimation of Blood     Necr           2%         N/A       24%         2
 Spider Form              Tmut/Pois      18%        N/A       9%          3
 Gell's Gravitas          Tloc           2%         N/A       43%         3
 Swiftness                Air            2%         N/A       43%         3
 Teleport Other           Tloc           2%         N/A       43%         3
 Summon Mana Viper        Hex/Summ       14%        N/A       75%         5
 Flame Wave               Conj/Fire      2%         2d4       83%         4
 Olgreb's Toxic Radiance  Pois           2%         N/A       83%         4
 Summon Cactus Giant      Summ           13%        N/A       86%         6
 Monstrous Menagerie      Summ           13%        N/A       100%        7
 Summon Hydra             Summ           13%        N/A       100%        7


Dungeon Overview and Level Annotations

Branches:
Dungeon (9/15)             Temple (1/1) D:5            Lair (0/5) D:9
    Orc: D:9-12

Altars:
Ashenzari
Cheibriados
Elyvilon
Fedhas
Gozag
Kikubaaqudgha
Makhleb
Nemelex Xobeh
Qazlal
Sif Muna
Trog
Uskayaw
Vehumet
Xom
Yredelemnul
Zin
The Shining One

Shops:
D:4 (=[   D:5 :


Innate Abilities, Weirdness & Mutations

You are a creature of crystalline ice.
You have a powerful freezing melee attack.
Your maximum health is increased.
Your armour is entirely melded.
You are incapable of wielding weapons or throwing items.
You cannot wear most types of armour.
You are amphibious.
You can wear up to eight rings at the same time.
((Your skin changes colour to match your surroundings (Stealth+).))
((Your rubbery body absorbs attacks. (AC +1, EV +1)))
((You are camouflaged when in or above water. (Stealth+)))
((You have tentacles for arms and can constrict up to eight enemies at once.))


Message History

The vampire bites you but does no damage.
You punch the vampire! You freeze the vampire.
The vampire is almost destroyed.
The vampire draws life force from you!
The vampire is healed by the life force!
You take 14 damage, and have 31/79 hp.
You hit the vampire.
The vampire is severely damaged.
Your orc hits the vampire but does no damage.
Your sky beast hits the cyclops.
Your sky beast shocks the cyclops.
The cyclops completely misses you.
You hit the vampire but do no damage.
The vampire is severely damaged.
The vampire draws life force from you!!
* * * LOW HITPOINT WARNING * * *
The vampire is healed by the life force!
Your orc misses the vampire.
Your orc barely misses the vampire.
Your orc warrior hits the cyclops with a +0 dire flail!
Your sky beast hits the cyclops.
Your sky beast shocks the cyclops.
The cyclops hits you but does no damage.
You take 18 damage, and have 14/79 hp.
MASSIVE DAMAGE!!
The vampire hits you.
* * * LOW HITPOINT WARNING * * *
The vampire bites you.
* * * LOW HITPOINT WARNING * * *
The vampire draws strength from your injuries!
Your orc warrior completely misses the cyclops.
Your orc barely misses the vampire.
Your orc closely misses the vampire.
Your sky beast hits the cyclops.
Your sky beast shocks the cyclops.
The cyclops is attracted toward you.
There is a stone staircase leading up here.
You take 7 damage, and have 7/79 hp.
Okay, then.
As you read the scroll of fear, it crumbles to dust.
You assume a fearsome visage.
The vampire is unaffected.
The cyclops looks frightened!
The vampire hits you but does no damage.
The vampire bites you!
You die...
Your body crumbles into a pile of gold.

.............
..........#§
...(....#.####...........
#....................z
#.......###...#..##.#z
#.......###..##..##.#p
#....o.(o...........#K
#.....Yo##......#####5
#...oV.§>o......# #5
#....YC.##..##.## #3
##########..##.# #.
#######.....######3
#.......###........
#.####### #.####### #.#
#.# #.# ###.#######


You could see a cyclops (unable to see you, fleeing, ally target), a vampire
(ally target), a friendly orc warrior (summoned), a friendly sky beast
(summoned) and 4 friendly orcs.

Vanquished Creatures
  A rime drake (D:9)
  Psyche (D:8)
  Sigmund (D:3)
  6 yaks (D:8)
  A wyvern (D:7)
  2 steam dragons (D:7)
  A water moccasin (D:5)
  A black bear (D:5)
  An orc warrior (D:6)
  4 ice beasts
  3 ogres (D:6)
  2 sky beasts
  3 wolves (D:9)
  A kobold brigand (D:7)
  A bullfrog (D:7)
  2 necrophages
  3 scorpions
  11 wights
  A howler monkey (D:9)
  A jelly (D:5)
  A hound (D:5)
  A gnoll bouda (D:5)
  2 orc priests
  Ijyb (D:3)
  Terence (D:3)
  5 iguanas
  3 orc wizards
  4 adders
  8 gnolls
  A shadow imp (D:6)
  A white imp (D:7)
  14 orcs
  10 bats
  6 endoplasms
  4 giant cockroaches
  5 goblins
  3 hobgoblins
  12 kobolds
  5 quokkas
  9 ball pythons
  5 frilled lizards
  6 rats
154 creatures vanquished.

Vanquished Creatures (collateral kills)
  A two-headed ogre (D:9)
  An orc wizard (D:5)
  An orc (D:5)
  A butterfly (D:5)
4 creatures vanquished.

Grand Total: 158 creatures vanquished

Notes
Turn   | Place    | Note
-------+----------+-------------------------------------------
     0 | D:1      | Dirtsage the Octopode Transmuter began the quest for the
                  | Orb.
     0 | D:1      | Reached XP level 1. HP: 13/13 MP: 3/3
   148 | D:1      | Reached skill level 1 in Ice Magic
   148 | D:1      | Reached XP level 2. HP: 10/18 MP: 3/5
   151 | D:1      | Learned a level 2 spell: Wereblood
   706 | D:2      | Reached XP level 3. HP: 21/23 MP: 6/6
  1055 | D:2      | Reached XP level 4. HP: 28/28 MP: 7/7
  1065 | D:2      | Learned a level 4 spell: Ice Form
  1284 | D:2      | Identified the +0 helmet "Nechenk" {rElec Str+2}
  1457 | D:3      | Identified the +8 chain mail of Grottiness {rPois rCorr
                  | Str-3 Int+10}
  1577 | D:3      | Noticed Terence
  1587 | D:3      | Killed Terence
  1669 | D:3      | Found a faded altar of an unknown god.
  1729 | D:3      | Noticed Sigmund
  1759 | D:3      | Killed Sigmund
  1760 | D:3      | Reached XP level 5. HP: 31/33 MP: 4/8
  1760 | D:3      | Reached XP level 6. HP: 36/38 MP: 4/9
  1889 | D:3      | Noticed Ijyb
  1901 | D:3      | Killed Ijyb
  2119 | D:3      | Found a white marble altar of Elyvilon.
  2141 | D:3      | Became a worshipper of Elyvilon the Healer
  2194 | D:3      | Found a basalt altar of Yredelemnul.
  2370 | D:4      | Found Hiru's Jewellery Boutique.
  2517 | D:4      | Found a sparkling altar of Nemelex Xobeh.
  2574 | D:4      | Reached skill level 5 in Transmutations
  2640 | D:4      | Reached * piety under Elyvilon
  3048 | D:4      | Reached XP level 7. HP: 43/43 MP: 5/10
  3243 | D:4      | Reached ** piety under Elyvilon
  3293 | D:4      | Found an ancient bone altar of Kikubaaqudgha.
  3314 | D:4      | Found a radiant altar of Vehumet.
  3318 | D:4      | Found a shimmering blue altar of Sif Muna.
  3416 | D:4      | Found Bext's Antique Weapon Shoppe.
  3520 | D:4      | Found Leagahet's Antique Armour Boutique.
  3629 | D:5      | Entered Level 5 of the Dungeon
  3673 | D:5      | Reached skill level 5 in Ice Magic
  3986 | D:5      | Reached XP level 8. HP: 46/48 MP: 7/11
  4197 | D:5      | Found Dytzit's Book Shop.
  4373 | D:5      | Elyvilon protects you from harm!
  4377 | D:5      | HP: 2/57 [iguana (11)]
  4548 | D:5      | Found a staircase to the Ecumenical Temple.
  4559 | Temple   | Entered the Ecumenical Temple
  4571 | Temple   | Fell from the grace of Elyvilon
  4571 | Temple   | Became a worshipper of Gozag Ym Sagoz the Greedy
  5153 | D:6      | Reached XP level 9. HP: 54/54 MP: 7/12
  5325 | D:6      | Identified the +1 leather armour of Eceipt {-Tele rF- Int+8
                  | Dex+5}
  5871 | D:7      | Reached skill level 1 in Summonings
  6164 | D:7      | Found a stormy altar of Qazlal.
  6748 | D:8      | Reached XP level 10. HP: 63/63 MP: 9/13
  6763 | D:8      | Reached skill level 5 in Unarmed Combat
  6775 | D:8      | Reached skill level 5 in Summonings
  6929 | D:4      | Bought the ring of Nasman {rF+ AC+4 Str+5} for 665 gold
                  | pieces
  6952 | D:4      | Got Kikubaaqudgha's Quarto of Shadows
  7137 | D:8      | Noticed a death knight
  7169 | D:7      | Learned a level 4 spell: Summon Ice Beast
  7302 | D:8      | Noticed Psyche
  7317 | D:8      | Noticed a kobold demonologist
  7347 | D:8      | Noticed a sun demon
  7368 | D:8      | Killed Psyche
  7392 | D:8      | Noticed a soul eater
  7575 | D:9      | Reached skill level 5 in Dodging
  7611 | D:9      | Noticed a two-headed ogre
  7617 | D:9      | Killed a two-headed ogre
  7618 | D:9      | Reached skill level 5 in Fighting
  7681 | D:9      | Found a staircase to the Lair.
  8071 | D:4      | Bought a ring of see invisible for 165 gold pieces
  8163 | D:8      | Noticed a cyclops
  8170 | D:8      | Slain by a vampire

Illustrated notes

Levels and vault maps discovered:
D:1:      dpeg_arrival_yet_another_circle, layout_basic,
          minmay_misc_feat_enclosed
D:2:      layout_loops_ring
D:3:      layout_loops_cross, kennysheep_ying_yang,
          shapermc_ecumenical_altar_flowoftime, minivault_25, uniq_terence,
          uniq_ijyb, uniq_sigmund
D:4:      layout_layer_cave, grunt_temple_overflow_magic_moments,
          mainiacjoe_overflow_paths, serial_glass, glass_columns_c,
          glass_columns_a, serial_shops, kennysheep_mini,
          nicolae_shop_advertising_works [nicolae_subvault_shop_adworks],
          kennysheep_mini_moat
D:5:      layout_loops_cross, minmay_temple_entry_butterflies, serial_shops,
          shop
D:6:      layout_rooms, grunt_decor_mini_mirrors
D:7:      nicolae_cairo_tiling_very_big, layout_gridville,
          grunt_qazlal_sundering, solitary_fountain
D:8:      minmay_cut_squares, layout_loops_ring,
          riverfiend_overflow_shadow_ancestor, serial_glass, glass_columns_c,
          glass_columns_a, uniq_psyche
D:9:      layout_loops_corners, hellmonk_lair_entry_icy, serial_shops,
          nicolae_shop_hallway_stairs, minmay_increasing_density
Temple:   hellmonk_temple_rainy

Skill      XL: |  1  2  3  4  5  6  7  8  9 10 |
---------------+-------------------------------+-----
Ice Magic      | 1 2 4 6 7 8 |  8.0
Transmutations | 3 4 5 6 7 8 |  8.0
Fighting       | 3 5 |  5.1
Dodging        | 4 5 |  5.5
Summonings     | 4 6 |  6.4
Unarmed Combat | 4 5 |  5.9
Spellcasting   | |  2.0

Action                     |  1- 3 |  4- 6 |  7- 9 | 10-12 || total
---------------------------+-------+-------+-------+-------++-------
  Melee: Unarmed           |    80 |    87 |   259 |   109 ||   535
         Constrict         |    21 |    14 |     3 |       ||    38
         Tentacles         |    13 |     9 |     2 |       ||    24
         Kick              |    13 |    17 |       |       ||    30
         Punch             |     1 |     2 |     1 |       ||     4
   Cast: Beastly Appendage |    11 |    11 |       |       ||    22
         Wereblood         |     3 |     1 |    12 |     2 ||    18
         Ice Form          |       |     5 |    30 |    10 ||    45
         Summon Ice Beast  |       |       |       |     4 ||     4
    Use: Potion            |       |     4 |     1 |     5 ||    10
         Scroll            |       |       |    11 |     5 ||    16
   Stab: Sleeping          |     7 |    14 |     1 |       ||    22
         Distracted        |       |       |       |     1 ||     1
 Armour: Skin              |     8 |    11 |    71 |    44 ||   134
  Dodge: Dodged            |    49 |    35 |   102 |    57 ||   243

Table legend: (Time is in decaauts)
 A = Elapsed time spent in this place.
 B = Non-inter-level travel time spent in this place.
 C = Inter-level travel time spent in this place.
 D = Time resting spent in this place.
 E = Time spent auto-exploring this place.
 F = Levels seen in this place.
 G = Mean time per level.
                   A        B        C        D        E       F      G
               +--------+--------+--------+--------+--------+-----+--------+
         Total |   8140 |   7506 |    634 |    208 |   5823 |  10 |  814.0 |
       Dungeon |   8103 |   7480 |    623 |    208 |   5811 |   9 |  900.3 |
        Temple |     36 |     25 |     11 |      0 |     12 |   1 |   36.0 |
               +--------+--------+--------+--------+--------+-----+--------+

Top non-repeatable levels by time:
     D:4: 1460 daAuts
     D:7: 1178 daAuts
     D:5: 1068 daAuts
     D:3: 906 daAuts
     D:6: 867 daAuts
     D:2: 771 daAuts
     D:8: 647 daAuts
     D:1: 636 daAuts
     D:9: 566 daAuts
  Temple: 36 daAuts
